 Dungeon Crawl Stone Soup version 0.16-a0-3253-g5709529 (webtiles) character file.

242 Chiseanne the Charmwright (level 5, -5/48 HPs)
             Began as a Centaur Skald on Dec 23, 2014.
             Slain by a gnoll
             ... wielding a +0 flail
              (10 damage)
             ... on level 4 of the Dungeon.
             The game lasted 00:13:31 (4846 turns).

Chiseanne the Charmwright (Centaur Skald)           Turns: 4846, Time: 00:13:31

Health: -5/48      AC:  6    Str: 15    XL:     5   Next: 82%
Magic:  4/8        EV:  9    Int: 11    God:
Gold:   124        SH:  3    Dex:  9    Spells: 3 memorised, 3 levels left

rFire  . . .     SeeInvis .     j - +1 dagger (elec)
rCold  . . .     Clarity  .     b - +0 leather armour
rNeg   . . .     SustAb   .     o - +0 buckler
rPois  .         Gourm    .     d - +1 helmet
rElec  .         Spirit   .     (no cloak)
rCorr  .         Warding  .     (no gloves)
rMut   .         Stasis   .     (no barding)
MR     .....                    (no amulet)
Stlth  ..........               (no ring)
                                (no ring)

@: infused (expiring), singing, very slightly contaminated, hasted, very quick,
not resistant to hostile enchantments, extremely unstealthy
A: hooves 3, deformed body, speed 2, robust 1, spit poison 1, tough skin 3,
MP-powered wands 1
a: Spit Poison, Stop Singing


You were on level 4 of the Dungeon.
You were not hungry.

You visited 1 branch of the dungeon, and saw 4 of its levels.

You collected 124 gold pieces.

Inventory:

Hand weapons
 j - a +1 dagger of electrocution (weapon)
 p - a +0 blowgun
Missiles
 h - 24 arrows
 i - 9 poisoned needles
Armour
 b - a +0 leather armour (worn)
 d - a +1 helmet (worn)
 o - a +0 buckler (worn)
Scrolls
 q - a scroll of remove curse
Potions
 f - a potion of mutation
 n - a potion of curing
Books
 c - a book of Battle

   Spells                             Type                      Level
   a - Infusion                       Charms                       1
   b - Shroud of Golubria             Charms/Translocation         2
   c - Song of Slaying                Charms                       2
   d - Spectral Weapon                Hexes/Charms                 3
   e - Regeneration                   Charms/Necromancy            3
Comestibles
 a - 2 bread rations
 g - a slice of pizza
 k - 3 chunks of flesh
 l - 2 meat rations


   Skills:
 + Level 2.9 Fighting
 - Level 0.6 Armour
 + Level 2.0 Dodging
 * Level 1.3 Shields
 - Level 2.6 Unarmed Combat
 + Level 2.3 Spellcasting
 + Level 3.6 Charms


You had 3 spell levels left.
You knew the following spells:

 Your Spells              Type           Power        Failure   Level  Hunger
a - Infusion              Chrm           #.....       10%         1    ##.....
b - Song of Slaying       Chrm           #.......     12%         2    ###....
c - Shroud of Golubria    Chrm/Tloc      #.........   24%         2    ###....


Dungeon Overview and Level Annotations

Branches:
Dungeon (4/15)
 Temple: D:4-7

Altars:
Nemelex Xobeh


Innate Abilities, Weirdness & Mutations

You have hooves in place of feet.
Armour fits poorly on your strangely shaped body.
You cover ground very quickly.
You have extremely tough skin (AC +3).
You are robust (+10% HP).
You can spit poison.
You expend magic power (6 MP) to slightly strengthen your wands.


Message History

You hit the gnoll!
You kill the gnoll!
The gnoll hits you with a flail.
* * * LOW HITPOINT WARNING * * *
The gnoll hits you with a flail.
* * * LOW HITPOINT WARNING * * *
Drink which item? (? for menu, Esc to quit)
You feel yourself speed up. The gnoll barely misses you.
The gnoll completely misses you.
You are very lightly contaminated with residual magic.
You barely miss the gnoll. The gnoll hits you with a flail.
* * * LOW HITPOINT WARNING * * *
You hit the gnoll.
The gnoll is lightly wounded.
Your magical infusion is running out.
The gnoll closely misses you.
You hit the gnoll.
The gnoll is moderately wounded.
The gnoll hits you with a flail!
You die...

### ##.#
####..##
.......$#
....%....#
.........##
###..
..........##...#
.......gg.....#
.......)@...###
##........<##
##........#
##......##
##.....#
#......#
#...#... .##....
.....


You could see 2 gnolls.

Vanquished Creatures
  7 adders
  5 gnolls
  4 giant geckos
  An ooze (D:1)
  2 orcs (D:3)
  3 giant cockroaches
  5 goblins
  14 hobgoblins
  7 jackals
  13 kobolds
  5 quokkas
  A ball python (D:2)
  8 bats
  A giant newt (D:1)
  A quokka skeleton (D:3)
  11 rats
88 creatures vanquished.

Vanquished Creatures (collateral kills)
  Sigmund (D:2)
1 creature vanquished.

Grand Total: 89 creatures vanquished

Notes
Turn   | Place    | Note
--------------------------------------------------------------
     0 | D:1      | Chiseanne, the Centaur Skald, began the quest for the Orb.
     0 | D:1      | Reached XP level 1. HP: 17/17 MP: 2/2
   182 | D:1      | Reached skill level 3 in Charms
   400 | D:1      | Reached XP level 2. HP: 24/24 MP: 1/3
   669 | D:1      | Learned a level 2 spell: Song of Slaying
  1055 | D:1      | Reached XP level 3. HP: 16/29 MP: 0/5
  1421 | D:1      | Reached skill level 1 in Dodging
  2415 | D:2      | Learned a level 2 spell: Shroud of Golubria
  2532 | D:2      | Reached XP level 4. HP: 28/36 MP: 0/6
  3391 | D:2      | Gained mutation: You expend magic power (6 MP) to slightly strengthen your wands. [potion of mutation]
  3391 | D:2      | Gained mutation: You can spit poison. [potion of mutation]
  3391 | D:2      | Gained mutation: You are robust (+10% HP). [potion of mutation]
  3741 | D:2      | Found a sparkling altar of Nemelex Xobeh.
  3848 | D:2      | Noticed Sigmund
  3859 | D:2      | Killed Sigmund
  3859 | D:2      | Reached XP level 5. HP: 33/46 MP: 8/8
  4447 | D:3      | Reached skill level 1 in Shields
  4846 | D:4      | Slain by a gnoll

Action                   |  1- 3 |  4- 6 || total
-------------------------+-------+-------++-------
Melee: Unarmed           |   165 |       ||   165
       Dagger            |       |   149 ||   149
Throw: Throwing net      |       |     1 ||     1
 Cast: Infusion          |    21 |    19 ||    40
       Song of Slaying   |     4 |     4 ||     8
 Abil: Spit Poison       |       |     2 ||     2
Evoke: Deck              |       |     4 ||     4
  Use: Scroll            |       |     9 ||     9
       Potion            |       |     3 ||     3
  Eat: Chunk             |     5 |     8 ||    13
